 Dungeon Crawl Stone Soup version 0.18.1-48-g4cf74bf (webtiles) character file.

147 Krapule the Shield-Bearer (level 5, -7/36 HPs)
             Began as a Halfling Fighter on July 19, 2016.
             Mangled by a centaur (8 damage)
             ... on level 3 of the Dungeon.
             The game lasted 00:08:15 (1671 turns).

Krapule the Shield-Bearer (Halfling Fighter)        Turns: 1671, Time: 00:08:16

Health: -7/36      AC:  7    Str: 21    XL:     5   Next: 55%
Magic:  5/5        EV: 10    Int: 12    God:
Gold:   199        SH: 10    Dex: 15    Spells: 0 memorised, 4 levels left

rFire  . . .     SeeInvis .     a - +0 long sword
rCold  . . .     Gourm    .     m - +0 scale mail
rNeg   + . .     Faith    .     c - +0 shield
rPois  .         Spirit   .     (no helmet)
rElec  .         Dismiss  .     (no cloak)
rCorr  .         Reflect  .     (no gloves)
SustAt .         Harm     .     (no boots)
MR     .....                    (no amulet)
Stlth  ..........               (no ring)
                                p - ring of positive energy

@: mighty, brilliant, flying, not resistant to hostile enchantments, extremely
unstealthy
A: mutation resistance 1
a: no special abilities


You were on level 3 of the Dungeon.
You were hungry.

You visited 1 branch of the dungeon, and saw 3 of its levels.

You collected 199 gold pieces.

Inventory:

Hand Weapons
 a - a +0 long sword (weapon)
 b - a +1 hunting sling of flaming
Missiles
 l - 42 sling bullets
 n - 81 stones (quivered)
Armour
 c - a +0 shield (worn)
 m - a +0 scale mail (worn)
Jewellery
 p - a ring of positive energy (left hand)
Scrolls
 g - 4 scrolls of remove curse {unknown}
 i - a scroll of teleportation {unknown}
 j - 2 scrolls of enchant armour {unknown}
 k - 4 scrolls of identify {unknown}
Potions
 o - a potion of brilliance
Books
 q - a book of Geomancy

   Spells                             Type                      Level
   a - Sandblast                      Earth                        1
   b - Passwall                       Transmutation/Earth          2
   c - Stone Arrow                    Conjuration/Earth            3
   d - Petrify                        Transmutation/Earth          4
   e - Lee's Rapid Deconstruction     Earth                        5
Comestibles
 f - a bread ration


   Skills:
 + Level 3.2 Fighting
 + Level 2.8 Long Blades
 + Level 2.3 Slings
 + Level 4.0 Armour
 + Level 1.5 Dodging
 + Level 4.1 Shields


You had 4 spell levels left.
You didn't know any spells.

Dungeon Overview and Level Annotations

Branches:
Dungeon (3/15)

Altars:


Innate Abilities, Weirdness & Mutations

You are small and have problems with some larger weapons.
You are somewhat resistant to further mutation.


Message History

Drink which item? (? for menu, Esc to quit)
It was a potion of flight.
You feel very buoyant.
You fly up into the air.
The crimson imp blinks!
The centaur hits you but does no damage.
You barely miss the centaur. You block the centaur's attack.
The centaur hits you but does no damage.
You slash the centaur!
The centaur is moderately wounded.
You block the centaur's attack. The centaur hits you!
* * * LOW HITPOINT WARNING * * *
Drink which item? (? for menu, Esc to quit)
You feel very mighty all of a sudden. The centaur barely misses you.
You slash the centaur!
The centaur is severely wounded.
The centaur hits you.
* * * LOW HITPOINT WARNING * * *
The centaur hits you!
You die...

#.#...........# .#.
#.#...... #...# ..
##.#..... #...###.
.....### ###...##.#
...<...# #.(..r##.###
.......# +##..(.....#
##.......#.#.[.##r#.#
##....###.###..#c#.###.
#....#........@....5...
#....#.......##........
#............###...##.#
###.##..######## ####
....##.## ##.....#####
#.#........>
#...#######. #####


You could see a centaur, a crimson imp and a rat.

Vanquished Creatures
  An orc priest (D:3)
  2 adders
  3 gnolls (D:2)
  3 oozes
  A worm (D:2)
  A dart slug (D:2)
  3 giant geckos (D:2)
  7 orcs (D:3)
  3 bats
  A giant cockroach (D:1)
  8 goblins
  3 hobgoblins
  A ball python (D:2)
  A giant newt (D:1)
  6 kobolds
  7 rats
  A fungus (D:2)
52 creatures vanquished.

Notes
Turn   | Place    | Note
--------------------------------------------------------------
     0 | D:1      | Krapule the Halfling Fighter began the quest for the Orb.
     0 | D:1      | Reached XP level 1. HP: 15/15 MP: 1/1
    81 | D:1      | Reached XP level 2. HP: 20/20 MP: 2/2
   683 | D:2      | Reached XP level 3. HP: 26/26 MP: 3/3
   702 | D:2      | Reached XP level 4. HP: 27/31 MP: 4/4
   779 | D:2      | Reached skill level 1 in Slings
   959 | D:2      | Reached skill level 1 in Dodging
  1339 | D:3      | Reached XP level 5. HP: 35/36 MP: 5/5
  1639 | D:3      | Noticed a centaur
  1671 | D:3      | HP: 1/36 [centaur (2)]
  1671 | D:3      | Mangled by a centaur

Skill      XL: |  1  2  3  4  5 |
---------------+----------------+-----
Fighting       | 3 |  3.2
Slings         | 1 2 |  2.3
Dodging        | 1 |  1.5
Shields        | 4 |  4.1
Armour         | 4 |  4.0
Long Blades    | |  2.8

Action                   |  1- 3 |  4- 6 || total
-------------------------+-------+-------++-------
Melee: Long sword        |    53 |    90 ||   143
 Fire: Hunting sling     |    13 |    37 ||    50
  Use: Potion            |       |     4 ||     4
  Eat: Chunk             |       |     2 ||     2
Armor: Scale mail        |    24 |    35 ||    59
Dodge: Dodged            |    20 |    45 ||    65
Block: Shield            |    30 |    61 ||    91
